[Event "*** Titled Tuesday Blitz"]
[Site "Chess.com"]
[Date "2020.04.14"]
[Round "2"]
[White "DinaBelenkaya"]
[Black "BlackGod93"]
[Result "1-0"]
[WhiteElo "2178"]
[BlackElo "2410"]
[TimeControl "180+1"]
[EndTime "10:16:27 PDT"]
[Termination "DinaBelenkaya won by resignation"]

1. e4 c5 2. Nc3 Nc6 3. Nge2 g6 4. d3 Bg7 5. g3 e6 6. Bg2 Nge7 7. O-O d5 8. exd5 exd5 9. Bg5 f6 10. Bf4 O-O 11.
h4 Bg4 12. Qd2 Re8 13. Rae1 Qd7 14. Kh2 b6 15. Bh6 Bh8 16. Nf4 d4 17. Ncd5 Ne5 18.
Nxe7+ Qxe7 19. Bd5+ Be6 20. Rxe5 fxe5 21. Bxe6+ Qxe6 22. Nxe6 Rxe6 23. f4 e4 24. dxe4 Rxe4 25.
Qd3 Rae8 26. Qc4+ R8e6 27. f5 gxf5 28. Rxf5 Re2+ 29. Kh3 Bg7 30. Rg5 1-0

[Event "*** Titled Tuesday Blitz"]
[Site "Chess.com"]
[Date "2020.04.14"]
[Round "2"]
[White "GMAkobianSTL"]
[Black "MokshAD1603"]
[Result "1-0"]
[WhiteElo "2781"]
[BlackElo "2340"]
[TimeControl "180+1"]
[EndTime "10:16:28 PDT"]
[Termination "GMAkobianSTL won by resignation"]

1. d4 Nf6 2. c4 e6 3. Nc3 Bb4 4. Qc2 O-O 5. a3 Bxc3+ 6. Qxc3 d5 7. Bg5 dxc4 8. Qxc4 b6 9. Nf3 Ba6 10. Qc2 h6 11. Bh4 Nbd7 12. Rd1 Qc8 13. Ne5 c5 14. Nxd7 Nxd7 15. e3 Bxf1 16. Rxf1 cxd4 17. Qxc8 Rfxc8 18. Rxd4 Rc1+ 19. Ke2 Rc2+ 20. Rd2 Rxd2+ 21. Kxd2 Rc8 22. Rc1 Rxc1 23. Kxc1 Kf8 24. Kc2 Nb8 25. Kd3 Ke8 26. Bg3 Nc6 27. Bd6 Kd7 28. Bf8 Ne5+ 29. Kd4 Ng4 30. f3 Nxh2 31. Bxg7 h5 32. Be5 Nf1 33. Kd3 h4 34. Ke2 Ng3+ 35. Bxg3 hxg3 36. f4 Kd6 37. Kf3 Kd5 38. Kxg3 Kc4 39. Kf3 Kb3 40. g4 b5 41.
g5 Kxb2 42. e4 Kxa3 43. f5 exf5 44. exf5 b4 45. g6 fxg6 46. f6 b3 47. f7 b2 48. f8=Q+ Ka2 49. Qf7+ Ka1 50. Qxa7+ Kb1 51. Ke2 g5 52. Kd2 1-0

[Event "*** Titled Tuesday Blitz"]
[Site "Chess.com"]
[Date "2020.04.14"]
[Round "2"]
[White "pedromartinez91"]
[Black "CHESSMASTER759"]
[Result "0-1"]
[WhiteElo "2523"]
[BlackElo "2743"]
[TimeControl "180+1"]
[EndTime "10:16:29 PDT"]
[Termination "CHESSMASTER759 won on time"]

1. e4 d6 2. d4 Nf6 3. Nc3 e5 4. dxe5 dxe5 5. Qxd8+ Kxd8 6. Bc4 Ke8 7. Be3 Bd6 8. f3 c6 9. Nge2 Nbd7 10. a4 Bc5 11. Nd1 Ke7 12. Nc1 Ne8 13. Nd3 Bxe3 14. Nxe3 Nd6 15. Bb3 f6 16. a5 Rb8 17. h4 Nf8 18. Nc5 Be6 19. Bxe6 Nxe6 20. b4 h5 21. c3 g6 22. g3 Rhd8 23. Ke2 Nxc5 24. bxc5 Nb5 25. Rhc1 Nc7 26. a6 Nxa6 27. Ra5 Rd7 28. Rb1 Rbd8 29. Nc4 Ke6 30. Nd6 Nxc5 31. Rxc5 Kxd6 32. Ra5 b6 33.
Ra6 Kc5 34. Rb2 b5 35. Rba2 Ra8 36. c4 b4 37. R2a5+ Kxc4 38. Rxc6+ Kb3 39. Rc1 Kb2 40. Raa1 b3 41. Rcb1+ Kc3 42. Rc1+ Kb4 43. Rc6 b2 0-1

[Event "*** Titled Tuesday Blitz"]
[Site "Chess.com"]
[Date "2020.04.14"]
[Round "2"]
[White "lestri"]
[Black "Ellaijio_B"]
[Result "1-0"]
[WhiteElo "2537"]
[BlackElo "2717"]
[TimeControl "180+1"]
[EndTime "10:16:29 PDT"]
[Termination "lestri won by resignation"]

1. c4 Nf6 2. Nc3 c5 3. Nf3 e6 4. d4 cxd4 5. Nxd4 a6 6. e4 Qc7 7. Be2 b6 8. O-O Bb7 9. f3 d6 10. Be3 Nbd7 11. Qd2 Be7 12. a4 O-O 13. a5 bxa5 14. Nb3 Rab8 15. Nxa5 Ba8 16. Rfc1 Rfe8 17. b4 Qd8 18. b5 axb5 19. cxb5 Nc5 20. Na4 Nfd7 21.
Nc6 Bxc6 22. bxc6 Ne5 23. Nxc5 dxc5 24. Qxd8 Bxd8 25. Ra6 Bb6 26. Bxc5 Bxc5+ 27. Rxc5 f6 28. f4 Nf7 29. c7 Rbc8 30. Rb6 Kf8 31. Ba6 Ke7 32.
Bxc8 Rxc8 33. Rb8 Kd7 34. Rxc8 Kxc8 35. Rc6 e5 36. g3 Nh6 37. fxe5 fxe5 38. Re6 Kxc7 39.
Re7+ Kd6 40. Rxg7 Kc5 41. Kf2 Kd4 42. Kf3 Nf5 43. exf5 1-0

[Event "*** Titled Tuesday Blitz"]
[Site "Chess.com"]
[Date "2020.04.14"]
[Round "2"]
[White "White_Ghost"]
[Black "Morshynska"]
[Result "1-0"]
[WhiteElo "2514"]
[BlackElo "2086"]
[TimeControl "180+1"]
[EndTime "10:16:29 PDT"]
[Termination "White_Ghost won by resignation"]

1. d4 Nf6 2. c4 e6 3. Nf3 b6 4. g3 Bb7 5. Bg2 Be7 6. O-O O-O 7. Nc3 Ne4 8. Qd3 Nxc3 9. Qxc3 f5 10. Bd2 Bf6 11.
Ne5 Bxg2 12. Kxg2 c6 13. Nf3 c5 14. Qd3 d5 15. dxc5 bxc5 16. cxd5 exd5 17. Qxf5 Bxb2 18. Qe6+ Kh8 19. Rab1 Bf6 20. Rb7 d4 21. Rc1 Qc8 22. Qb3 Nd7 23. Bf4 Be7 24. Rc7 Qd8 25. Qb7 Rxf4 26.
Rxd7 1-0

[Event "*** Titled Tuesday Blitz"]
[Site "Chess.com"]
[Date "2020.04.14"]
[Round "2"]
[White "tgpgoat"]
[Black "adriangschnitzer"]
[Result "1/2-1/2"]
[WhiteElo "2103"]
[BlackElo "2389"]
[TimeControl "180+1"]
[EndTime "10:16:30 PDT"]
[Termination "Game drawn by agreement"]

1. e4 c5 2. Nf3 Nc6 3. Nc3 g6 4. d4 cxd4 5. Nxd4 Bg7 6. Be3 Nf6 7. Bc4 O-O 8. f3 Qb6 9. Bb3 Nxe4 10. Nd5 Qa5+ 11.
c3 Nc5 12. Nxc6 dxc6 13. Nxe7+ Kh8 14. Nxc8 Raxc8 15. O-O Rcd8 16. Qe2 a6 17. Bxc5 Qxc5+ 18. Kh1 Rfe8 19. Qf2 Qxf2 20. Rxf2 f5 21. g3 Rd3 22.
Kg2 Red8 23. Re1 Bf6 24. Rfe2 Kg7 25. Rf2 g5 26. Rfe2 h5 27. h3 Kg6 28. Be6 Rd2 29. g4 hxg4 30. hxg4 f4 31. Bf5+ Kf7 32. Be6+ Kg7 33.
Bf5 a5 34. Kf2 a4 35. Rxd2 Rxd2+ 36. Re2 Rxe2+ 37. Kxe2 a3 38. bxa3 Bxc3 39. Kd3 Bb2 40. a4 b6 41. Be4 c5 42. Kc4 Bf6 43. Kb5 Bd8 44. a5 bxa5 45. Kxc5 Kf6 46. Kb5 Ke5 47. a4 Kd4 48. Ba8 Kc3 49. Be4 Kb3 50.
Bd5+ 1/2-1/2

[Event "*** Titled Tuesday Blitz"]
[Site "Chess.com"]
[Date "2020.04.14"]
[Round "2"]
[White "RiskyDecision"]
[Black "GigaQuparadze"]
[Result "0-1"]
[WhiteElo "2605"]
[BlackElo "2921"]
[TimeControl "180+1"]
[EndTime "10:16:31 PDT"]
[Termination "GigaQuparadze won on time"]

1. d4 Nf6 2. c4 e6 3. g3 d5 4. Nf3 Bb4+ 5. Bd2 a5 6. Bg2 O-O 7. O-O c6 8. Qc2 b6 9. Bg5 Be7 10. Nbd2 Ba6 11. Rfd1 Nbd7 12. Rac1 Rc8 13. e4 h6 14. Bf4 dxc4 15. Nxc4 Bxc4 16. Qxc4 Nxe4 17. Ne5 Nd6 18. Qe2 Nb8 19. Nxc6 Nxc6 20. Bxc6 Bg5 21. Bxg5 Qxg5 22. Qe3 Qf6 23. Be4 Rfd8 24. Bb1 b5 25. Rxc8 Rxc8 26. Qe5 Qxe5 27. dxe5 Nc4 28. Rc1 Rd8 29.
a4 Nxe5 30. axb5 Rb8 31. Rc5 f6 32. f4 Nf3+ 33. Kf2 Nd4 34. Ba2 Kf8 35. Ke3 Nxb5 36. Bxe6 Nd6 37. f5 Rxb2 38. Rxa5 Rb8 39. Ra7 Re8 40.
Kf4 Rb8 41. Rd7 Rb4+ 42. Kf3 Ne4 43. g4 Ng5+ 0-1

[Event "*** Titled Tuesday Blitz"]
[Site "Chess.com"]
[Date "2020.04.14"]
[Round "2"]
[White "kintoho"]
[Black "JonahWillow"]
[Result "1-0"]
[WhiteElo "2429"]
[BlackElo "2756"]
[TimeControl "180+1"]
[EndTime "10:16:31 PDT"]
[Termination "kintoho won by resignation"]

1. e4 c5 2. Nf3 Nc6 3. c3 Nf6 4. e5 Nd5 5. d4 cxd4 6. cxd4 g6 7. Nc3 Nxc3 8. bxc3 Bg7 9. g3 O-O 10. Bg2 d6 11. exd6 Qxd6 12. O-O Rd8 13. a4 Bg4 14.
Ba3 Qd7 15. Re1 Rac8 16. Qd3 Bxf3 17. Qxf3 e6 18. Rad1 Na5 19. Bb4 Nc6 20. Ba3 b6 21. d5 exd5 22. Rxd5 Qxd5 23. Qxd5 Rxd5 24. Bxd5 Bxc3 25. Rc1 Nd4 26. Kf1 Rd8 27. Rxc3 Rxd5 28. Rc8+ Kg7 29. Bb2 Kf6 30. Rc4 Ke5 31. f3 Rd6 32.
Kf2 Ke6 33. Rxd4 Rxd4 34. Bxd4 Kd5 35. Ke3 Kc4 36. a5 bxa5 37. Bxa7 a4 38. Bb8 a3 39.
Be5 Kb3 40. Ke4 Kc2 41. f4 Kd2 42. g4 h6 43. f5 a2 44. f6 Ke2 45. Kd5 Kf3 46. h3 Kg2 47. Kd6 Kxh3 48. Ke7 Kxg4 49. Kxf7 Kf5 50. Bb2 1-0

[Event "*** Titled Tuesday Blitz"]
[Site "Chess.com"]
[Date "2020.04.14"]
[Round "2"]
[White "YaWaleriy"]
[Black "RubensCezila"]
[Result "0-1"]
[WhiteElo "2195"]
[BlackElo "2460"]
[TimeControl "180+1"]
[EndTime "10:16:31 PDT"]
[Termination "RubensCezila won by resignation"]

1. d4 Nf6 2. c4 g6 3. Nc3 Bg7 4. e4 d6 5. Nf3 O-O 6. Be2 Na6 7.
Be3 c5 8. O-O cxd4 9. Nxd4 Nc5 10. f3 a5 11. Rc1 Bd7 12. Qd2 Rc8 13. Rfd1 a4 14. Bf1 Re8 15. Kh1 Qa5 16. Nd5 Qxd2 17. Rxd2 Nxd5 18. cxd5 Na6 19. Rxc8 Rxc8 20. Rd1 Nb4 21. a3 Nc2 22. Nxc2 Rxc2 23. Rc1 Rxb2 24. h4 Rb3 25. Rc7 Rxe3 26. Rxd7 Bd4 27. Bb5 Rxa3 28. Rxb7 Be5 29. Kg1 Bg3 30. Rxe7 Ra1+ 31. Bf1 a3 32. Ra7 a2 33. Ra6 Be5 34. g4 Rxf1+ 35.
Kxf1 a1=Q+ 36. Rxa1 Bxa1 0-1

[Event "*** Titled Tuesday Blitz"]
[Site "Chess.com"]
[Date "2020.04.14"]
[Round "2"]
[White "DIM90"]
[Black "ENEASZ"]
[Result "0-1"]
[WhiteElo "2251"]
[BlackElo "2502"]
[TimeControl "180+1"]
[EndTime "10:16:33 PDT"]
[Termination "ENEASZ won by resignation"]

1. e4 d6 2. d4 Nf6 3. Nc3 e5 4. dxe5 dxe5 5. Bg5 Be6 6. Qxd8+ Kxd8 7. O-O-O+ Nd7 8. f4 exf4 9. e5 h6 10. Bxf4 Ng4 11. Nh3 Kc8 12. Bb5 Ngxe5 13. Bxe5 Nxe5 14. Nf4 Bd6 15. Nxe6 fxe6 16. Rhe1 Rd8 17. Ba4 Ng6 18.
Rxe6 Nf4 19. Re4 Nxg2 20. Bb3 g5 21. Be6+ Kb8 22. Rd3 Nf4 23. Rf3 c6 24. h4 Kc7 25.
hxg5 hxg5 26. Rc4 Nxe6 27. Rf7+ Kb6 28. b4 Rf8 29. Rd7 Rad8 30. Na4+ Kb5 31. Rxb7+ Kxc4 0-1

[Event "*** Titled Tuesday Blitz"]
[Site "Chess.com"]
[Date "2020.04.14"]
[Round "2"]
[White "Rakesh"]
[Black "codapbg94"]
[Result "0-1"]
[WhiteElo "2365"]
[BlackElo "2034"]
[TimeControl "180+1"]
[EndTime "10:16:33 PDT"]
[Termination "codapbg94 won by resignation"]

1. e4 c5 2. c3 d5 3. exd5 Qxd5 4. d4 Nf6 5. Nf3 Bg4 6. Be2 e6 7. h3 Bh5 8. O-O Nc6 9. Be3 cxd4 10. cxd4 Bd6 11. Nc3 Qa5 12. a3 O-O 13. Ne5 Bxe2 14. Qxe2 Nxe5 15. dxe5 Qxe5 16. g3 Qf5 17. Kg2 a6 18.
Rfd1 Bc7 19. Qf3 Qxf3+ 20. Kxf3 Rfd8 21. Bg5 Kf8 22. Bxf6 gxf6 23. Rdc1 Rac8 24. Ne4 Be5 25. Rxc8 Rxc8 26. Rd1 f5 27. Ng5 h6 28. Nxf7 Kxf7 29. Rd7+ Kf6 30. Rxb7 Rc2 31. b4 Bd4 32. g4 Rxf2+ 33.
Kg3 Ra2 34. b5 axb5 35. Rxb5 Rxa3+ 36. Kh4 Bf2+ 0-1

[Event "*** Titled Tuesday Blitz"]
[Site "Chess.com"]
[Date "2020.04.14"]
[Round "2"]
[White "Jenia84"]
[Black "Ar4uha"]
[Result "1/2-1/2"]
[WhiteElo "2319"]
[BlackElo "2633"]
[TimeControl "180+1"]
[EndTime "10:16:35 PDT"]
[Termination "Game drawn by agreement"]

1. e4 e6 2. d4 d5 3. Bd3 dxe4 4. Bxe4 Nf6 5. Bf3 Nbd7 6. Ne2 e5 7. dxe5 Nxe5 8.
Qxd8+ Kxd8 9. Nbc3 Nxf3+ 10. gxf3 a6 11. Bg5 Bd6 12. O-O-O Bd7 13. Ne4 Be7 14. Nxf6 gxf6 15. Bf4 Kc8 16. Nc3 Be6 17. Nd5 Bd8 18. Rhe1 a5 19. Be3 Rg8 20. a3 b6 21. Nf4 Bf5 22. Bd4 Kb7 23. Nh5 Be6 24. Rg1 Be7 25. Nxf6 Bxf6 26. Bxf6 Rg6 27. Be5 Rag8 28. Rxg6 Rxg6 29.
Bg3 Rf6 30. Rd3 Rf5 31. Kd2 c5 32. Ke3 a4 33. Rd8 Kc6 34. Rh8 Rh5 35. h4 Kb5 36. Rb8 Rd5 37. Bc7 Kc4 38. Rxb6 Rd1 39. b3+ axb3 40.
cxb3+ Kc3 41. Be5+ Kc2 42. b4 cxb4 43. axb4 Kb3 44.
Rd6 Re1+ 45. Kf4 Kxb4 46. Rd8 1/2-1/2

[Event "*** Titled Tuesday Blitz"]
[Site "Chess.com"]
[Date "2020.04.14"]
[Round "2"]
[White "iulik86"]
[Black "KazakhFighter04"]
[Result "0-1"]
[WhiteElo "2516"]
[BlackElo "2724"]
[TimeControl "180+1"]
[EndTime "10:16:36 PDT"]
[Termination "KazakhFighter04 won by checkmate"]

1. e4 c5 2. Nf3 Nc6 3. Bb5 g6 4. Bxc6 dxc6 5. d3 Bg7 6. h3 Nf6 7. O-O O-O 8. Be3 c4 9. e5 Nd5 10. d4 Bf5 11. Nh4 e6 12. Nxf5 exf5 13. Nc3 Nxc3 14.
bxc3 Qd5 15. a4 a5 16. Qf3 Rfd8 17. Rfb1 b5 18. Qxd5 Rxd5 19. f4 Bf8 20. Ra2 h5 21. Kf2 h4 22. Ke2 Be7 23. Bf2 Kf8 24. Kf3 Ke8 25. Be1 Kd7 26. Bf2 Ke6 27. Be1 Ra6 28.
Bf2 b4 29. Be1 c5 30. dxc5 Bxc5 31. cxb4 axb4 32. Bxb4 Rb6 33. Rab2 c3 34. Bxc3 Rc6 35. Rb3 Ba7 36. a5 Rc4 37. a6 Rdc5 38. Be1 Rxc2 39.
Rb7 R5c3+ 40. Bxc3 Rf2# 0-1

[Event "*** Titled Tuesday Blitz"]
[Site "Chess.com"]
[Date "2020.04.14"]
[Round "2"]
[White "Jbd735"]
[Black "SPEEDSKATER"]
[Result "0-1"]
[WhiteElo "2442"]
[BlackElo "2825"]
[TimeControl "180+1"]
[EndTime "10:16:36 PDT"]
[Termination "SPEEDSKATER won by checkmate"]

1. e4 e6 2. d4 d5 3. Nd2 c5 4. Ngf3 cxd4 5. Nxd4 Nf6 6. exd5 a6 7. N2f3 Qxd5 8. Be2 Nc6 9. O-O Bd7 10. c4 Qa5 11.
Be3 Rd8 12. Qb3 Qc7 13. Nxc6 Bxc6 14. Bb6 Qb8 15. Bxd8 Qxd8 16. Ne5 Qc7 17. Nxc6 bxc6 18. Qa4 Bd6 19. Bf3 O-O 20. g3 c5 21. Qxa6 Be5 22.
Rab1 Bd4 23. b4 e5 24. b5 e4 25. b6 Qe5 26. Bg2 Ng4 27. b7 e3 28. Bd5 Qh5 29. h4 exf2+ 30. Kh1 Qe5 31. Qa8 Rb8 32. Rb3 g6 33. a4 Ne3 34. Rxe3 Bxe3 35. Kg2 Bd2 36.
a5 Kg7 37. a6 Ba5 38. a7 Bc7 39. axb8=Q Qxg3+ 40. Kh1 Qh2# 0-1

[Event "*** Titled Tuesday Blitz"]
[Site "Chess.com"]
[Date "2020.04.14"]
[Round "2"]
[White "Alexander_Donchenko"]
[Black "velemajstor767276"]
[Result "1-0"]
[WhiteElo "2866"]
[BlackElo "2581"]
[TimeControl "180+1"]
[EndTime "10:16:37 PDT"]
[Termination "Alexander_Donchenko won on time"]

1. Nf3 Nf6 2. c4 e6 3. g3 b6 4.
Bg2 Bb7 5. O-O Be7 6. d4 O-O 7. Re1 a5 8. Nc3 Ne4 9. Nb5 Qc8 10. Bf4 d6 11. Qc2 Nd7 12. d5 exd5 13. cxd5 Ndc5 14. Rad1 Re8 15. Nd2 Nxd2 16. Bxd2 Bf6 17. Bc3 Bxc3 18. Qxc3 Qd7 19. Nd4 Re5 20. e4 Rae8 21.
f3 g6 22. Bf1 Qe7 23. Bb5 Rf8 24. a3 a4 25. Qb4 Ra8 26. Bc6 Qf6 27. Bxb7 Nxb7 28. f4 Ree8 29. Nc6 Nc5 30. e5 dxe5 31. fxe5 Qg5 32. Qf4 Qh5 33. Rf1 Qh6 34. Qxh6 1-0

[Event "*** Titled Tuesday Blitz"]
[Site "Chess.com"]
[Date "2020.04.14"]
[Round "2"]
[White "Nastya_Rakhmangulova"]
[Black "Gaguna"]
[Result "0-1"]
[WhiteElo "2408"]
[BlackElo "2685"]
[TimeControl "180+1"]
[EndTime "10:16:38 PDT"]
[Termination "Gaguna won by resignation"]

1. e4 c5 2. Nf3 e6 3. c3 d5 4.
e5 d4 5. Bd3 Ne7 6. O-O Nbc6 7.
Na3 Ng6 8. Re1 Be7 9. c4 Qc7 10.
Qe2 b6 11. h4 Nf4 12. Qf1 Nxd3 13. Qxd3 Bb7 14. h5 h6 15. Qe2 O-O-O 16. d3 Rdg8 17. b4 Nxb4 18. Nb5 Qb8 19. a4 a6 20. Na3 g6 21. a5 bxa5 22. Nb1 Qc7 23. Nbd2 gxh5 24. Ne4 Rg4 25. Nh2 Bxe4 26. Nxg4 Bxd3 27. Qf3 hxg4 28.
Qxg4 Nc2 29. Qf3 Nxe1 30. Qa8+ Qb8 31. Qc6+ Qc7 32. Qa8+ Kd7 33. Qxh8 Qb7 34. f3 Nxf3+ 35. gxf3 Qxf3 36. Bd2 Qg4+ 37. Kf2 Qe2+ 38. Kg3 Qxd2 39.
Rf1 Bxf1 0-1

[Event "*** Titled Tuesday Blitz"]
[Site "Chess.com"]
[Date "2020.04.14"]
[Round "2"]
[White "DrVelja"]
[Black "manuellarrea"]
[Result "1-0"]
[WhiteElo "2633"]
[BlackElo "2111"]
[TimeControl "180+1"]
[EndTime "10:16:38 PDT"]
[Termination "DrVelja won on time"]

1. e4 c5 2. Nf3 Nc6 3. d4 cxd4 4. Nxd4 Nf6 5. Nc3 d6 6. Bg5 e6 7. Qd2 Be7 8. O-O-O O-O 9. f3 Nxd4 10. Qxd4 a6 11. Kb1 b5 12. Be3 Bb7 13. g4 Rc8 14. h4 Qc7 15. g5 Nd7 16. h5 Ne5 17. h6 b4 18.
Qxb4 Nxf3 19. hxg7 Rfd8 20. Bb6 Qc6 21. Bxd8 Rxd8 22.
Bd3 Ne5 23. Qd4 Kxg7 24. Rh5 Rh8 25. Rdh1 Kg8 26. Qe3 Bf8 27. Qh3 Bg7 28. Rxh7 Rxh7 29. Qxh7+ Kf8 30. Rf1 Nxd3 31. cxd3 1-0

[Event "*** Titled Tuesday Blitz"]
[Site "Chess.com"]
[Date "2020.04.14"]
[Round "2"]
[White "Yaacovn"]
[Black "Savagelittlemole"]
[Result "1-0"]
[WhiteElo "2940"]
[BlackElo "2606"]
[TimeControl "180+1"]
[EndTime "10:16:39 PDT"]
[Termination "Yaacovn won by resignation"]

1. d4 d6 2. e3 g6 3. Nf3 Bg7 4. Bc4 Nc6 5. O-O Nf6 6. Qe2 O-O 7. e4 e5 8. dxe5 dxe5 9. c3 Bg4 10. h3 Bxf3 11. Qxf3 h6 12. Rd1 Qe7 13. Nd2 Kh7 14. Nf1 Rad8 15. Rxd8 Rxd8 16. Ne3 a6 17. a4 Na5 18. Ba2 Qc5 19. Bxf7 Rf8 20. Ba2 Qc6 21. Bd5 Nxd5 22. exd5 Qb6 23. Qe2 Nb3 24. Rb1 Nxc1 25. Rxc1 Qb3 26. Qc2 Qb6 27. Rd1 h5 28. d6 cxd6 29. Nc4 Qc6 30. Nxd6 Rd8 31. Nf7 Rxd1+ 32. Qxd1 e4 33. Ng5+ Kg8 34. Qb3+ Kh8 35. Qf7 e3 36.
fxe3 b5 37. Ne6 1-0

[Event "*** Titled Tuesday Blitz"]
[Site "Chess.com"]
[Date "2020.04.14"]
[Round "2"]
[White "Flawless_Fighter"]
[Black "kirillshevchenko"]
[Result "1-0"]
[WhiteElo "2601"]
[BlackElo "2859"]
[TimeControl "180+1"]
[EndTime "10:16:39 PDT"]
[Termination "Flawless_Fighter won by resignation"]

1. e4 c5 2. Nf3 d6 3. d4 cxd4 4. Nxd4 Nf6 5. Nc3 a6 6. Be3 e5 7.
Nb3 Be6 8. f3 h5 9. Qd2 Nbd7 10.
Nd5 Bxd5 11. exd5 g6 12. Be2 Bg7 13. O-O b6 14. c4 O-O 15. Rac1 Re8 16. Na1 e4 17. f4 Ng4 18. Bxg4 hxg4 19. b4 f5 20. Nb3 Rc8 21. a4 Bf6 22. a5 Kg7 23. Qf2 bxa5 24.
Nxa5 Rh8 25. Nc6 Qg8 26. g3 Rh3 27. Rc2 Qh7 28. Rd1 Rh8 29. c5 Bh4 30. gxh4 Rf3 31.
Bd4+ Kf7 32. Qg2 Re8 33. cxd6 Qxh4 34. Ne5+ Nxe5 35. fxe5 g3 36. e6+ Kg8 37. Rc7 gxh2+ 38. Kh1 Rf8 39. Rg7+ 1-0

[Event "*** Titled Tuesday Blitz"]
[Site "Chess.com"]
[Date "2020.04.14"]
[Round "2"]
[White "Blitzstream"]
[Black "Andrii_Prydun"]
[Result "1-0"]
[WhiteElo "2703"]
[BlackElo "2335"]
[TimeControl "180+1"]
[EndTime "10:16:39 PDT"]
[Termination "Blitzstream won by resignation"]

1. g4 c6 2. Bg2 d5 3. g5 e6 4.
h4 Bd6 5. d3 Ne7 6. e4 b6 7.
Ne2 Bb7 8. Nbc3 Nd7 9. Bf4 Qc7 10.
Qd2 Bxf4 11. Qxf4 Qxf4 12. Nxf4 O-O-O 13. O-O-O d4 14. Nce2 c5 15. Nh5 Rhg8 16. f4 e5 17. f5 Nxf5 18. exf5 Bxg2 19. Rh2 Bf3 20. Nhg3 f6 21. Rf1 Bd5 22. Nh5 c4 23. dxc4 Bxc4 24. Re1 Kb7 25. Neg3 Bd5 26. Ne4 Rc8 27. Nd6+ Kc7 28.
Nxc8 Kxc8 29. Rg1 Bf3 30. Ng3 Re8 31. Re1 Nc5 32. Rf2 Bd5 33. Nh5 Ne4 34. Rfe2 Nd6 35. gxf6 Nxf5 36. Rxe5 1-0

[Event "*** Titled Tuesday Blitz"]
[Site "Chess.com"]
[Date "2020.04.14"]
[Round "2"]
[White "Harsha_Bharathakoti"]
[Black "blitzking1729"]
[Result "0-1"]
[WhiteElo "2800"]
[BlackElo "2579"]
[TimeControl "180+1"]
[EndTime "10:16:40 PDT"]
[Termination "blitzking1729 won on time"]

1. d4 d5 2. c4 dxc4 3. e4 e5 4. Nf3 exd4 5. Bxc4 Nc6 6. Nbd2 Bc5 7. Qb3 Qe7 8. O-O Nf6 9. e5 Ng4 10. Re1 O-O 11. Ne4 Bb4 12. Bg5 Qe8 13. Re2 Be6 14. h3 d3 15. Bxe6 Qxe6 16. Qxd3 Ngxe5 17. Nxe5 Nxe5 18. Qb5 Qc4 19. Qxe5 Rfe8 20. Qxe8+ Rxe8 21. Nf6+ gxf6 22. Rxe8+ Kg7 23. Be3 Bd6 24. Rb8 b6 25. Rd8 Be5 0-1

[Event "*** Titled Tuesday Blitz"]
[Site "Chess.com"]
[Date "2020.04.14"]
[Round "2"]
[White "MartinCerveny"]
[Black "IMUffeVinther-Schou"]
[Result "0-1"]
[WhiteElo "2607"]
[BlackElo "2323"]
[TimeControl "180+1"]
[EndTime "10:16:40 PDT"]
[Termination "IMUffeVinther-Schou won by resignation"]

1. d4 Nf6 2. Nf3 e6 3. g3 c5 4.
Bg2 cxd4 5. O-O Nc6 6. Nxd4 Qb6 7. Nb3 d5 8. Nc3 Be7 9. Be3 Qd8 10. Bc5 O-O 11.
e4 Bxc5 12. Nxc5 d4 13. Ne2 e5 14. c3 b6 15. Nb3 Ba6 16. cxd4 exd4 17. e5 Nxe5 18.
Bxa8 Qxa8 19. Nbxd4 Rd8 20. f4 Neg4 21. Qb3 Qe4 22.
Qf3 Rxd4 23. Nxd4 Qxd4+ 24. Kh1 h5 25. h3 Bxf1 26. Rxf1 Ne3 27. Re1 Nfd5 28. b3 g6 29. g4 hxg4 30. hxg4 Qd2 31. Re2 Qd1+ 32. Kh2 Nf1+ 33.
Kh3 Kg7 34. f5 Qxe2 35. Qxe2 Nf4+ 0-1

[Event "*** Titled Tuesday Blitz"]
[Site "Chess.com"]
[Date "2020.04.14"]
[Round "2"]
[White "littleozy"]
[Black "Suleyman_Chess06"]
[Result "0-1"]
[WhiteElo "2426"]
[BlackElo "2202"]
[TimeControl "180+1"]
[EndTime "10:16:40 PDT"]
[Termination "Suleyman_Chess06 won by resignation"]

1. e4 e6 2. d4 d5 3. Nd2 dxe4 4. Nxe4 Bd7 5. Nf3 Bc6 6. Bd3 Nd7 7. Qe2 Ngf6 8. O-O Be7 9. b3 O-O 10. Bb2 Nxe4 11. Bxe4 Bxe4 12. Qxe4 c6 13. Rad1 Nf6 14.
Qe2 Qc7 15. c4 Rfd8 16. Rfe1 h6 17. Ne5 Bd6 18. Nf3 Rd7 19. g3 Rad8 20. c5 Be7 21. Bc1 Rd5 22. Bf4 Qa5 23. Ne5 Rxd4 24. Rxd4 Rxd4 25.
Nxf7 Re4 26. Nxh6+ gxh6 27. Be3 Bxc5 28. Rd1 Bxe3 29.
fxe3 Qc3 30. Rd3 Qe5 31. Qf3 Nd5 32. Kf2 Qf5 0-1

[Event "*** Titled Tuesday Blitz"]
[Site "Chess.com"]
[Date "2020.04.14"]
[Round "2"]
[White "IljaZaragatski"]
[Black "lachesisQ"]
[Result "0-1"]
[WhiteElo "2616"]
[BlackElo "3084"]
[TimeControl "180+1"]
[EndTime "10:16:41 PDT"]
[Termination "lachesisQ won on time"]

1. Nf3 d5 2. g3 Nc6 3. d4 Bf5 4. Bg2 Qd7 5. O-O Bh3 6. c4 Bxg2 7. Kxg2 e6 8. Nc3 dxc4 9. Qa4 Bb4 10. Ne5 Nxe5 11.
Qxb4 Qc6+ 12. f3 Nd7 13. e4 a5 14. Qa3 b5 15. d5 Qb6 16. dxe6 fxe6 17. Ne2 Ngf6 18. Be3 c5 19. b3 c3 20. Rfd1 O-O 21.
Nf4 b4 22. Qa4 Ne5 23. Rac1 Rad8 24. a3 g5 25. Ne2 Nxf3 26. Rxd8 Qxd8 27. Kxf3 Qd3 0-1

[Event "*** Titled Tuesday Blitz"]
[Site "Chess.com"]
[Date "2020.04.14"]
[Round "2"]
[White "vinniethepooh"]
[Black "HZMC92"]
[Result "1-0"]
[WhiteElo "2635"]
[BlackElo "2310"]
[TimeControl "180+1"]
[EndTime "10:16:41 PDT"]
[Termination "vinniethepooh won by resignation"]

1. d4 d5 2. c4 e6 3. Nc3 c6 4. Nf3 dxc4 5. Bg5 Be7 6. Bxe7 Qxe7 7. a4 Qb4 8. Qd2 Nf6 9. e3 a5 10. Ne5 b5 11. Be2 O-O 12. Bf3 Nd5 13. axb5 cxb5 14. Nxd5 Qxd2+ 15. Kxd2 exd5 16. Bxd5 Ra7 17. Rhc1 Be6 18.
Bf3 f6 19. Nc6 Nxc6 20. Bxc6 Rb8 21. e4 Kf8 22. d5 Bf7 23. Ke3 Ke7 24. Kd4 Kd6 25. f4 Be8 26. e5+ Kc7 27. Bxe8 Rxe8 28.
b3 fxe5+ 29. fxe5 Kd7 30. bxc4 b4 31. c5 b3 32. c6+ Kc7 33. d6+ Kd8 34. Ra4 1-0

[Event "*** Titled Tuesday Blitz"]
[Site "Chess.com"]
[Date "2020.04.14"]
[Round "2"]
[White "Muguet7"]
[Black "LordIron"]
[Result "1-0"]
[WhiteElo "2475"]
[BlackElo "2214"]
[TimeControl "180+1"]
[EndTime "10:16:41 PDT"]
[Termination "Muguet7 won by resignation"]

1. d4 d5 2. Nf3 Nf6 3. c4 c6 4. e3 g6 5. Nc3 Bg7 6. Bd3 O-O 7. O-O Nbd7 8. cxd5 Nxd5 9. Nxd5 cxd5 10. Qb3 Nf6 11. Bd2 Ne4 12. Bb4 a5 13. Ba3 Re8 14.
Bxe4 dxe4 15. Ng5 e6 16. Nxe4 a4 17. Qc2 Qd5 18. Rfc1 Bd7 19. Nd6 Red8 20. Qc5 Bc6 21. Qxd5 exd5 22. e4 dxe4 23. Rd1 Ra5 24. Bc5 Raa8 25.
d5 Bd7 26. Rd2 Bf8 27. Nxe4 Bf5 28. Nf6+ Kg7 29. Bd4 Bc5 30. Bc3 Kh6 31. g4 Bc8 32. h4 g5 33. hxg5+ Kxg5 34. Ne4+ Kxg4 35. Nxc5 Rg8 36. Kf1 Bf5 37. Nd3 Rae8 38. Ne5+ Rxe5 39. Bxe5 Kf3 40. Bg3 1-0

[Event "*** Titled Tuesday Blitz"]
[Site "Chess.com"]
[Date "2020.04.14"]
[Round "2"]
[White "politeplayer"]
[Black "SARGISMV"]
[Result "0-1"]
[WhiteElo "2190"]
[BlackElo "2456"]
[TimeControl "180+1"]
[EndTime "10:16:41 PDT"]
[Termination "SARGISMV won by resignation"]

1. e4 e6 2. d3 d5 3. Nd2 Nf6 4. Ngf3 c5 5. g3 Nc6 6. Bg2 g6 7. O-O Bg7 8. Re1 O-O 9. c3 a5 10. a4 b6 11. Nf1 Ba6 12. Bg5 h6 13. Bxf6 Qxf6 14. exd5 exd5 15. Ne3 Rad8 16. d4 cxd4 17. Nxd4 Nxd4 18. cxd4 Qxd4 19. Nxd5 Qxb2 20. Rb1 Qd4 21.
Rxb6 Rxd5 22. Qxd4 Rxd4 23. Rxa6 Rxa4 24. Bd5 Rd4 25.
Rxa5 Rd8 26. Bf3 Rd3 27. Kg2 Bc3 28. Rea1 Bxa1 29. Rxa1 R8d6 30. Ra2 Rd2 31. Ra8+ Kg7 32. g4 Rf6 33. Ra3 Rf4 34. Re3 g5 35. Kg3 Rb2 36.
h4 Rb1 37. hxg5 hxg5 38. Re5 f6 39. Re7+ Kf8 40. Rc7 Rb3 0-1